Rampage vs Moose

Created - Wednesday, January 13, 2016 at 01:45

Goals
1 2 3 OT1 SO T
Rampage 0 1 0 0 0 1
Moose 0 1 0 0 1 2
Shots
1 2 3 OT1 SO T
Rampage 11 6 3 8 3 28
Moose 13 12 5 1 2 31

1st period

No Goal

Penalties :
Rob Flick (MAN) for Fighting (Major) at 2:20, Tomas Kundratek (SAN) for Fighting (Major) at 2:20, Liam O'Brien (SAN) for Interference (Minor) at 8:19, Garret Ross (MAN) for Hooking (Minor) at 16:40

2nd period

1. Moose , Cedric Paquette 8 (Josh Manson, Josh Jooris) at 7:30
2. Rampage , Colton Sceviour 5 (Taylor Beck, Tomas Kundratek) at 15:57

Penalties :
Brady Austin (MAN) for Fighting (Major) at 11:47, Keaton Ellerby (SAN) for Fighting (Major) at 11:47, Joel Edmundson (MAN) for Holding (Minor) at 13:19

3rd period

No Goal

Penalties :
Daniel Briere (SAN) for Hooking (Minor) at 10:07, Rob Flick (MAN) for Tripping (Minor) at 19:51

Overtime #1

No Goal

Penalties :
No Penalty

Shootout

Penalty Shot by Daniel Briere for Rampage - Stopped by Sam Brittain
Penalty Shot by Joel Vermin for Moose - Goal!
Penalty Shot by Taylor Beck for Rampage - Stopped by Sam Brittain
Penalty Shot by Cedric Paquette for Moose - Stopped by Viktor Fasth
Penalty Shot by Christian Thomas for Rampage - Stopped by Sam Brittain

Penalties :
No Penalty

Goalie Stats

Pheonix Copley (SAN), 13 saves from 13 shots - (1.000), 19:58 minutes
Viktor Fasth (SAN), 17 saves from 18 shots - (0.944), OTL, 4-1-5, 45:02 minutes
Sam Brittain (MAN), 27 saves from 28 shots - (0.964), W, 13-5-7, 65:00 minutes

Players Stats for Rampage

Player Name              G  A  P  +/- PIM S  H  SB GA TA FO     MP     PP MP  PK MP  
------------------------------------------------------------------------------------
Benn Ferriero            0  0  0  -1  0   0  0  1  1  0  0/0    16:44   0:00   0:00 
Bryan Rust               0  0  0   0  0   3  2  1  3  2  1/2    21:17   2:02   1:08 
Christian Thomas         0  0  0   0  0   3  1  0  2  0  0/1    19:25   2:04   0:39 
Colton Sceviour          1  0  1   1  0   2  0  0  3  0  0/2     7:11   0:00   0:00 
Connor Brickley          0  0  0   0  0   1  0  0  0  1  1/1    18:56   2:02   0:46 
Daniel Briere            0  0  0   1  2   1  0  0  0  3  6/19   22:58   2:04   1:14 
Joe Faust                0  0  0  -1  0   0  2  0  0  0  0/0     6:54   0:00   0:00 
Joel Chouinard           0  0  0   1  0   1  1  2  0  1  0/0    17:19   0:00   0:00 
Jordan Szwarz            0  0  0  -1  0   0  4  0  2  0  1/7    18:12   0:00   0:39 
Keaton Ellerby           0  0  0   0  5   0  4  1  0  3  0/0    18:52   0:56   2:00 
Ladislav Smid            0  0  0   0  0   3  1  1  2  1  0/0    20:36   2:12   1:58 
Liam O'Brien             0  0  0   0  2   3  8  0  1  1  2/9    18:57   2:02   0:07 
Matthew Corrente         0  0  0   0  0   1  4  2  2  2  0/0    21:33   1:54   0:00 
Max Friberg              0  0  0   0  0   0  0  0  1  0  0/0     1:34   0:00   0:00 
Michal Rozsival          0  0  0  -1  0   5  4  0  1  2  0/0    27:39   3:10   1:58 
Tanner Richard           0  0  0  -1  0   0  1  0  2  1  1/2    18:28   0:00   1:19 
Taylor Beck              0  1  1   1  0   4  0  4  4  3  0/1    22:15   2:04   2:04 
Tomas Kundratek          0  1  1   1  5   1  0  0  0  1  0/0    17:03   0:00   2:00 

Players Stats for Moose

Player Name              G  A  P  +/- PIM S  H  SB GA TA FO     MP     PP MP  PK MP  
------------------------------------------------------------------------------------
Ben Chiarot              0  0  0   0  0   5  2  0  1  3  0/0    19:58   2:32   2:25 
Brady Austin             0  0  0   0  5   1  1  1  0  0  0/0     6:31   0:00   0:00 
Brandon Davidson         0  0  0   1  0   1  1  3  2  1  0/0    20:04   1:26   1:41 
Cedric Paquette          1  0  1   1  0   6  3  1  10 0  2/4    21:13   2:09   4:07 
Colin Smith              0  0  0   0  0   2  0  3  4  0  1/5    15:46   0:00   0:00 
Daniil Tarasov           0  0  0   0  0   1  2  1  2  1  1/1    17:59   1:49   0:00 
Garret Ross              0  0  0   0  2   4  4  1  2  0  0/0    18:16   1:49   0:00 
Greg McKegg              0  0  0   0  0   3  0  0  4  3  7/9    17:59   1:49   0:00 
Joel Armia               0  0  0  -1  0   1  3  0  2  0  0/0    17:15   0:00   0:25 
Joel Edmundson           0  0  0  -1  2   0  1  2  1  1  0/0    17:50   0:00   0:49 
Joel Vermin              0  0  0  -1  0   0  1  1  0  0  1/1    10:18   0:00   0:00 
Josh Jooris              0  1  1   1  0   3  1  0  1  1  19/23  22:32   1:46   3:20 
Josh Manson              0  1  1   1  0   1  1  2  1  3  0/0    20:53   1:26   2:43 
Klas Dahlbeck            0  0  0   0  0   1  3  3  0  3  0/0    26:27   2:32   4:16 
Michael Schumacher       0  0  0   0  0   0  1  0  0  0  0/0    15:46   0:00   0:00 
Rob Flick                0  0  0   0  7   0  2  0  0  0  0/0     9:44   0:23   1:46 
Ryan Malone              0  0  0   0  0   2  0  0  1  0  1/1    16:54   2:09   0:25 
Scott Mayfield           0  0  0  -1  0   0  0  1  0  1  0/0    18:28   0:00   0:00 

3 Stars

1 - Sam Brittain (MAN)
2 - Cedric Paquette (MAN)
3 - Colton Sceviour (SAN)

Power Play

Rampage - 0 on 3 Attempt(s) - 0.00%
Moose - 0 on 2 Attempt(s) - 0.00%

Penalty Kill

Rampage - 2 on 2 Attempt(s) - 100.00% - Score 0 goal in Penalty Kill
Moose - 3 on 3 Attempt(s) - 100.00% - Score 0 goal in Penalty Kill

Team Stat

Rampage - Hits : 32 - Faceoff Wins : 12 - Blocked Shots : 12 - Penalty Minutes : 14
Moose - Hits : 26 - Faceoff Wins : 32 - Blocked Shots : 19 - Penalty Minutes : 16

Official

Referees : Unknown
Linesman : Unknown

Game Notes

Tomas Kundratek beats up Rob Flick at 2:20 of 1st period
Pheonix Copley is injured at 19:58 of 1st period (Left Knee)
Viktor Fasth enters game at 19:58 of 1st period
Keaton Ellerby beats up Brady Austin at 11:47 of 2nd period

Finance

Level 1 -- Attendance: 1570 (78.50%) -- Ticket Income $47,100
Level 2 -- Attendance: 807 (80.70%) -- Ticket Income $10,491
Total Attendance: 2377 (79.23%)
Total Ticket Income: $57,591
Other Income: $28,220
Total Income: $85,811

Rampage

5 vs 5 Forward 
   Center                   Left Wing                Right Wing               Time % Phy DF OF 
 1 Daniel Briere            Taylor Beck              Christian Thomas         35     0   1  4  
 2 Liam O'Brien             Bryan Rust               Connor Brickley          30     0   1  4  
 3 Jordan Szwarz            Tanner Richard           Benn Ferriero            22     1   3  1  
 4 Colton Sceviour          Taylor Beck              Daniel Briere            13     1   3  1  

5 vs 5 Defense 
   Defense                  Defense                                           Time % Phy DF OF 
 1 Michal Rozsival          Ladislav Smid                                     35     0   1  4  
 2 Keaton Ellerby           Matthew Corrente                                  30     0   1  4  
 3 Tomas Kundratek          Joel Chouinard                                    22     0   4  1  
 4 Joe Faust                Michal Rozsival                                   13     0   1  4  

PowerPlay Forward 
   Center                   Left Wing                Right Wing               Time % Phy DF OF 
 1 Daniel Briere            Taylor Beck              Christian Thomas         60     0   0  5  
 2 Liam O'Brien             Bryan Rust               Connor Brickley          40     0   1  4  

PowerPlay Defense
   Defense                  Defense                                           Time % Phy DF OF 
 1 Michal Rozsival          Ladislav Smid                                     60     0   0  5  
 2 Matthew Corrente         Keaton Ellerby                                    40     0   0  5  

Penalty Kill 4 Players Forward 
   Center                   Wing                     Time % Phy DF OF 
 1 Daniel Briere            Taylor Beck              60     1   4  0  
 2 Christian Thomas         Jordan Szwarz            40     1   4  0  

Penalty Kill 4 Players Defense
   Defense                  Defense                  Time % Phy DF OF 
 1 Michal Rozsival          Ladislav Smid            60     1   4  0  
 2 Tomas Kundratek          Keaton Ellerby           40     1   4  0  

Penalty Kill - 3 Players Forward 
   Forward                                           Time % Phy DF OF 
 1 Daniel Briere                                     60     1   4  0  
 2 Tanner Richard                                    40     1   4  0  

Penalty Kill - 3 Players Defense
   Defense                  Defense                  Time % Phy DF OF 
 1 Michal Rozsival          Keaton Ellerby           60     1   4  0  
 2 Joe Faust                Ladislav Smid            40     1   4  0  

4 vs 4 Forward 
   Center                   Wing                     Time % Phy DF OF 
 1 Daniel Briere            Christian Thomas         60     0   1  4  
 2 Taylor Beck              Benn Ferriero            40     0   1  4  

4 vs 4 Defense
   Defense                  Defense                  Time % Phy DF OF 
 1 Ladislav Smid            Michal Rozsival          60     0   1  4  
 2 Joel Chouinard           Matthew Corrente         40     0   1  4  

Last Minutes Offensive
   Center                   Left Wing                Right Wing               Defense                  Defense                  
   Daniel Briere            Taylor Beck              Christian Thomas         Michal Rozsival          Ladislav Smid            

Last Minutes Defensive
   Center                   Left Wing                Right Wing               Defense                  Defense                  
   Daniel Briere            Taylor Beck              Christian Thomas         Michal Rozsival          Ladislav Smid            

Goaltenders
Starting : Pheonix Copley           
Backup : Viktor Fasth             

Extra Forwards
Normal : Daniel Briere, Taylor Beck, Christian Thomas - PP : Liam O'Brien, Bryan Rust - PK : Daniel Briere
Extra Defensemen
Normal : Tomas Kundratek, Joel Chouinard, Joe Faust - PP : Michal Rozsival - PK : Ladislav Smid, Michal Rozsival
Penalty Shots
Daniel Briere, Taylor Beck, Christian Thomas, Liam O'Brien, Bryan Rust

Moose

5 vs 5 Forward 
   Center                   Left Wing                Right Wing               Time % Phy DF OF 
 1 Josh Jooris              Cedric Paquette          Ryan Malone              35     1   2  2  
 2 Greg McKegg              Garret Ross              Daniil Tarasov           30     1   2  2  
 3 Colin Smith              Joel Armia               Michael Schumacher       22     1   2  2  
 4 Rob Flick                Joel Vermin              Josh Jooris              13     1   2  2  

5 vs 5 Defense 
   Defense                  Defense                                           Time % Phy DF OF 
 1 Klas Dahlbeck            Ben Chiarot                                       35     1   2  2  
 2 Josh Manson              Brandon Davidson                                  30     1   2  2  
 3 Joel Edmundson           Scott Mayfield                                    22     1   2  2  
 4 Brady Austin             Klas Dahlbeck                                     13     1   2  2  

PowerPlay Forward 
   Center                   Left Wing                Right Wing               Time % Phy DF OF 
 1 Josh Jooris              Cedric Paquette          Ryan Malone              60     1   2  2  
 2 Greg McKegg              Garret Ross              Daniil Tarasov           40     1   2  2  

PowerPlay Defense
   Defense                  Defense                                           Time % Phy DF OF 
 1 Klas Dahlbeck            Ben Chiarot                                       60     1   2  2  
 2 Brandon Davidson         Josh Manson                                       40     1   2  2  

Penalty Kill 4 Players Forward 
   Center                   Wing                     Time % Phy DF OF 
 1 Josh Jooris              Cedric Paquette          60     1   2  2  
 2 Ryan Malone              Joel Armia               40     1   2  2  

Penalty Kill 4 Players Defense
   Defense                  Defense                  Time % Phy DF OF 
 1 Klas Dahlbeck            Ben Chiarot              60     1   2  2  
 2 Joel Edmundson           Brandon Davidson         40     1   2  2  

Penalty Kill - 3 Players Forward 
   Forward                                           Time % Phy DF OF 
 1 Josh Jooris                                       60     1   2  2  
 2 Michael Schumacher                                40     1   2  2  

Penalty Kill - 3 Players Defense
   Defense                  Defense                  Time % Phy DF OF 
 1 Klas Dahlbeck            Josh Manson              60     1   2  2  
 2 Scott Mayfield           Ben Chiarot              40     1   2  2  

4 vs 4 Forward 
   Center                   Wing                     Time % Phy DF OF 
 1 Josh Jooris              Ryan Malone              60     1   2  2  
 2 Cedric Paquette          Colin Smith              40     1   2  2  

4 vs 4 Defense
   Defense                  Defense                  Time % Phy DF OF 
 1 Ben Chiarot              Klas Dahlbeck            60     1   2  2  
 2 Brady Austin             Scott Mayfield           40     1   2  2  

Last Minutes Offensive
   Center                   Left Wing                Right Wing               Defense                  Defense                  
   Josh Jooris              Cedric Paquette          Ryan Malone              Klas Dahlbeck            Ben Chiarot              

Last Minutes Defensive
   Center                   Left Wing                Right Wing               Defense                  Defense                  
   Josh Jooris              Cedric Paquette          Ryan Malone              Klas Dahlbeck            Ben Chiarot              

Goaltenders
Starting : Sam Brittain             
Backup : Antoine Bibeau           

Extra Forwards
Normal : Joel Vermin, Cedric Paquette, Josh Jooris - PP : Ryan Malone, Greg McKegg - PK : Rob Flick
Extra Defensemen
Normal : Brady Austin, Joel Edmundson, Klas Dahlbeck - PP : Ben Chiarot - PK : Josh Manson, Klas Dahlbeck
Penalty Shots
Joel Vermin, Cedric Paquette, Josh Jooris, Ryan Malone, Greg McKegg

% Time on Ice - Rampage

Lines # - Real PCT - Wanted PCT - Time Play
Normal Forward
1 - 25% - 35% - 13:08
2 - 30% - 30% - 15:37
3 - 32% - 22% - 16:45
4 - 12% - 13% - 6:26
Normal Defense
1 - 26% - 35% - 13:38
2 - 34% - 30% - 17:27
3 - 29% - 22% - 15:08
4 - 11% - 13% - 5:43
PP Forward
1 - 50% - 60% - 2:04
2 - 50% - 40% - 2:02
PP Defense
1 - 54% - 60% - 2:12
2 - 46% - 40% - 1:54
PK Forward
1 - 84% - 60% - 3:19
2 - 16% - 40% - 0:39
PK Defense
1 - 50% - 60% - 1:58
2 - 50% - 40% - 2:00
PK3 Forward
1 - 0% - 60%
2 - 0% - 40%
PK3 Defense
1 - 0% - 60%
2 - 0% - 40%
44 Forward
1 - 100% - 60% - 5:00
2 - 0% - 40% - 0:00
44 Defense
1 - 56% - 60% - 2:48
2 - 44% - 40% - 2:12
Last Minute Offensive  - 0:00
Last Minute Defensive  - 0:00
Total
Forward - 65:00
Defense - 65:00

% Time on Ice - Moose

Lines # - Real PCT - Wanted PCT - Time Play
Normal Forward
1 - 23% - 35% - 12:11
2 - 32% - 30% - 16:50
3 - 30% - 22% - 15:46
4 - 14% - 13% - 7:09
Normal Defense
1 - 27% - 35% - 14:15
2 - 33% - 30% - 16:57
3 - 31% - 22% - 16:20
4 - 8% - 13% - 4:24
PP Forward
1 - 54% - 60% - 2:09
2 - 46% - 40% - 1:49
PP Defense
1 - 64% - 60% - 2:32
2 - 36% - 40% - 1:26
PK Forward
1 - 90% - 60% - 3:41
2 - 10% - 40% - 0:25
PK Defense
1 - 59% - 60% - 2:25
2 - 41% - 40% - 1:41
PK3 Forward
1 - 100% - 60% - 1:51
2 - 0% - 40% - 0:00
PK3 Defense
1 - 100% - 60% - 1:51
2 - 0% - 40% - 0:00
44 Forward
1 - 100% - 60% - 3:09
2 - 0% - 40% - 0:00
44 Defense
1 - 32% - 60% - 1:01
2 - 68% - 40% - 2:08
Last Minute Offensive  - 0:00
Last Minute Defensive  - 0:00
Total
Forward - 65:00
Defense - 65:00

Play by Play

1st period


0:01 of 1st period - Josh Jooris wins face-off versus Daniel Briere in neutral zone.
1:02 of 1st period - Brandon Davidson is hit by Liam O'Brien and loses puck.
1:38 of 1st period - Josh Manson is hit by Jordan Szwarz and loses puck.
1:45 of 1st period - Benn Ferriero is hit by Josh Manson and loses puck.
2:20 of 1st period - Tomas Kundratek beats up Rob Flick.
2:20 of 1st period - Penalty to Rob Flick for Fighting.
2:20 of 1st period - Penalty to Tomas Kundratek for Fighting.
2:21 of 1st period - Cedric Paquette wins face-off versus Liam O'Brien in Rampage zone.
2:36 of 1st period - Snap shot by Josh Jooris.
2:36 of 1st period - Stopped by Pheonix Copley with a rebound.
2:38 of 1st period - Slapshot by Brady Austin.
2:38 of 1st period - Stopped by Pheonix Copley with a rebound.
2:40 of 1st period - Slapshot by Klas Dahlbeck.
2:40 of 1st period - Stopped by Pheonix Copley with a rebound.
2:42 of 1st period - Slapshot by Klas Dahlbeck.
2:42 of 1st period - Deflect By Cedric Paquette.
2:42 of 1st period - Shot Misses the Net.
2:42 of 1st period - Puck is out of play.
2:43 of 1st period - Greg McKegg wins face-off versus Daniel Briere in Rampage zone.
2:58 of 1st period - Wrist shot by Garret Ross.
2:58 of 1st period - Deflect By Daniil Tarasov.
2:58 of 1st period - Shot Misses the Net.
2:58 of 1st period - Puck is out of play.
2:59 of 1st period - Greg McKegg wins face-off versus Daniel Briere in Rampage zone.
3:30 of 1st period - Wrist shot by Daniil Tarasov.
3:30 of 1st period - Stopped by Pheonix Copley with a rebound.
3:44 of 1st period - Cedric Paquette is hit by Joe Faust.
4:01 of 1st period - Snap shot by Bryan Rust.
4:01 of 1st period - Shot Misses the Net.
4:11 of 1st period - Wrist shot by Bryan Rust.
4:11 of 1st period - Shot Blocked by Cedric Paquette.
4:13 of 1st period - Backhand shot by Joel Chouinard.
4:13 of 1st period - Deflect By Liam O'Brien.
4:13 of 1st period - Shot Blocked by Scott Mayfield.
4:13 of 1st period - Puck is out of play.
4:14 of 1st period - Liam O'Brien wins face-off versus Colin Smith in Moose zone.
4:29 of 1st period - Wrist shot by Bryan Rust.
4:29 of 1st period - Stopped by Sam Brittain with a rebound.
4:35 of 1st period - Snap shot by Bryan Rust.
4:35 of 1st period - Stopped by Sam Brittain with a rebound.
4:37 of 1st period - Snap shot by Liam O'Brien.
4:37 of 1st period - Shot Misses the Net.
4:57 of 1st period - Slapshot by Matthew Corrente.
4:57 of 1st period - Shot Blocked by Colin Smith.
5:03 of 1st period - Slapshot by Michal Rozsival.
5:03 of 1st period - Stopped by Sam Brittain with a rebound.
5:11 of 1st period - Slapshot by Michal Rozsival.
5:11 of 1st period - Stopped by Sam Brittain with a rebound.
5:13 of 1st period - Slapshot by Ladislav Smid.
5:13 of 1st period - Stopped by Sam Brittain with a rebound.
5:15 of 1st period - Slapshot by Ladislav Smid.
5:15 of 1st period - Shot Misses the Net.
5:17 of 1st period - Wrist shot by Michal Rozsival.
5:17 of 1st period - Shot Misses the Net.
6:48 of 1st period - Matthew Corrente is hit by Josh Jooris.
7:08 of 1st period - Slapshot by Cedric Paquette.
7:08 of 1st period - Stopped by Pheonix Copley without a rebound.
7:09 of 1st period - Daniel Briere wins face-off versus Cedric Paquette in Rampage zone.
7:25 of 1st period - Off-side.
7:26 of 1st period - Cedric Paquette wins face-off versus Daniel Briere in neutral zone.
8:19 of 1st period - Minor Penalty to Liam O'Brien for Interference.
8:20 of 1st period - Josh Jooris wins face-off versus Daniel Briere in Rampage zone.
8:21 of 1st period - Snap shot by Ryan Malone.
8:21 of 1st period - Shot Misses the Net.
8:23 of 1st period - Slapshot by Ben Chiarot.
8:23 of 1st period - Deflect By Taylor Beck.
8:23 of 1st period - Stopped by Pheonix Copley without a rebound.
8:24 of 1st period - Josh Jooris wins face-off versus Daniel Briere in Rampage zone.
8:29 of 1st period - Snap shot by Cedric Paquette.
8:29 of 1st period - Stopped by Pheonix Copley with a rebound.
8:31 of 1st period - Slapshot by Ben Chiarot.
8:31 of 1st period - Stopped by Pheonix Copley with a rebound.
8:33 of 1st period - Slapshot by Ben Chiarot.
8:33 of 1st period - Shot Blocked by Keaton Ellerby.
9:02 of 1st period - Taylor Beck is hit by Garret Ross and loses puck.
9:58 of 1st period - Ben Chiarot is hit by Keaton Ellerby and loses puck.
10:19 of 1st period - Penalty to Liam O'Brien is over, Liam O'Brien is back on ice.
10:30 of 1st period - Icing by Klas Dahlbeck.
10:31 of 1st period - Daniil Tarasov wins face-off versus Liam O'Brien in Moose zone.
10:48 of 1st period - Slapshot by Bryan Rust.
10:48 of 1st period - Shot Blocked by Colin Smith.
10:59 of 1st period - Wrist shot by Joel Armia.
10:59 of 1st period - Stopped by Pheonix Copley with a rebound.
11:01 of 1st period - Wrist shot by Michael Schumacher.
11:01 of 1st period - Deflect By Colin Smith.
11:01 of 1st period - Stopped by Pheonix Copley with a rebound.
11:28 of 1st period - Matthew Corrente is hit by Joel Edmundson and loses puck.
11:33 of 1st period - Slapshot by Josh Manson.
11:33 of 1st period - Shot Blocked by Benn Ferriero.
11:57 of 1st period - Cedric Paquette is hit by Matthew Corrente and loses puck.
12:28 of 1st period - Slapshot by Taylor Beck.
12:28 of 1st period - Stopped by Sam Brittain without a rebound.
12:29 of 1st period - Daniel Briere wins face-off versus Colin Smith in Moose zone.
12:30 of 1st period - Snap shot by Christian Thomas.
12:30 of 1st period - Shot Blocked by Brandon Davidson.
12:32 of 1st period - Snap shot by Christian Thomas.
12:32 of 1st period - Shot Misses the Net.
12:34 of 1st period - Snap shot by Christian Thomas.
12:34 of 1st period - Deflect By Taylor Beck.
12:34 of 1st period - Shot Misses the Net.
12:34 of 1st period - Puck is out of play.
12:35 of 1st period - Daniel Briere wins face-off versus Greg McKegg in Moose zone.
13:08 of 1st period - Cedric Paquette is hit by Liam O'Brien and loses puck.
13:25 of 1st period - Slapshot by Michal Rozsival.
13:25 of 1st period - Stopped by Sam Brittain without a rebound.
13:26 of 1st period - Jordan Szwarz wins face-off versus Colin Smith in Moose zone.
13:42 of 1st period - Michal Rozsival is hit by Ben Chiarot and loses puck.
13:51 of 1st period - Wrist shot by Colin Smith.
13:51 of 1st period - Shot Misses the Net.
14:20 of 1st period - Off-side.
14:21 of 1st period - Josh Jooris wins face-off versus Liam O'Brien in neutral zone.
15:08 of 1st period - Daniil Tarasov is hit by Keaton Ellerby and loses puck.
15:13 of 1st period - Snap shot by Taylor Beck.
15:13 of 1st period - Stopped by Sam Brittain with a rebound.
15:15 of 1st period - Wrist shot by Colton Sceviour.
15:15 of 1st period - Deflect By Greg McKegg.
15:15 of 1st period - Stopped by Sam Brittain with a rebound.
15:25 of 1st period - Joel Chouinard is hit by Garret Ross and loses puck.
15:55 of 1st period - Slapshot by Brandon Davidson.
15:55 of 1st period - Deflect By Michal Rozsival.
15:55 of 1st period - Stopped by Pheonix Copley with a rebound.
15:57 of 1st period - Slapshot by Josh Manson.
15:57 of 1st period - Shot Hit the Post.
15:59 of 1st period - Slapshot by Colin Smith.
15:59 of 1st period - Stopped by Pheonix Copley with a rebound.
16:01 of 1st period - Wrist shot by Colin Smith.
16:01 of 1st period - Shot Misses the Net.
16:40 of 1st period - Minor Penalty to Garret Ross for Hooking.
16:41 of 1st period - Daniel Briere wins face-off versus Josh Jooris in Moose zone.
17:18 of 1st period - Klas Dahlbeck is hit by Liam O'Brien.
17:37 of 1st period - Liam O'Brien is hit by Cedric Paquette and loses puck.
17:50 of 1st period - Keaton Ellerby is hit by Cedric Paquette and loses puck.
17:59 of 1st period - Slapshot by Taylor Beck.
17:59 of 1st period - Stopped by Sam Brittain without a rebound.
18:00 of 1st period - Josh Jooris wins face-off versus Daniel Briere in Moose zone.
18:21 of 1st period - Wrist shot by Bryan Rust.
18:21 of 1st period - Shot Misses the Net.
18:23 of 1st period - Wrist shot by Keaton Ellerby.
18:23 of 1st period - Shot Blocked by Brandon Davidson.
18:25 of 1st period - Wrist shot by Liam O'Brien.
18:25 of 1st period - Stopped by Sam Brittain with a rebound.
18:40 of 1st period - Penalty to Garret Ross is over, Garret Ross is back on ice.
18:47 of 1st period - Garret Ross is hit by Matthew Corrente and loses puck.
19:04 of 1st period - Joel Chouinard is hit by Michael Schumacher and loses puck.
19:13 of 1st period - Snap shot by Joel Armia.
19:13 of 1st period - Shot Misses the Net.
19:45 of 1st period - Tomas Kundratek is hit by Brady Austin and loses puck.
19:56 of 1st period - Snap shot by Garret Ross.
19:56 of 1st period - Stopped by Pheonix Copley with a rebound.
19:58 of 1st period - Snap shot by Daniil Tarasov.
19:58 of 1st period - Deflect By Garret Ross.
19:58 of 1st period - Shot Misses the Net.
19:58 of 1st period - Puck is out of play.
19:58 of 1st period - Pheonix Copley from Rampage is injured at 19:58 of 1st period (Left Knee).
19:58 of 1st period - Viktor Fasth enters game.
19:59 of 1st period - Josh Jooris wins face-off versus Daniel Briere in Rampage zone.
Goals for this period are 0 for Rampage vs 0 for Moose.
Shots for this period are 11 for Rampage vs 13 for Moose.

2nd period


0:01 of 2nd period - Josh Jooris wins face-off versus Daniel Briere in neutral zone.
0:18 of 2nd period - Snap shot by Cedric Paquette.
0:18 of 2nd period - Shot Misses the Net.
0:26 of 2nd period - Snap shot by Cedric Paquette.
0:26 of 2nd period - Stopped by Viktor Fasth with a rebound.
0:28 of 2nd period - Snap shot by Cedric Paquette.
0:28 of 2nd period - Shot Blocked by Taylor Beck.
0:30 of 2nd period - Slapshot by Klas Dahlbeck.
0:30 of 2nd period - Shot Blocked by Taylor Beck.
0:32 of 2nd period - Wrist shot by Josh Jooris.
0:32 of 2nd period - Stopped by Viktor Fasth without a rebound.
0:33 of 2nd period - Greg McKegg wins face-off versus Bryan Rust in Rampage zone.
0:36 of 2nd period - Wrist shot by Garret Ross.
0:36 of 2nd period - Stopped by Viktor Fasth with a rebound.
0:38 of 2nd period - Snap shot by Greg McKegg.
0:38 of 2nd period - Stopped by Viktor Fasth with a rebound.
0:40 of 2nd period - Slapshot by Brandon Davidson.
0:40 of 2nd period - Shot Misses the Net.
0:42 of 2nd period - Slapshot by Greg McKegg.
0:42 of 2nd period - Shot Misses the Net.
0:44 of 2nd period - Snap shot by Greg McKegg.
0:44 of 2nd period - Shot Misses the Net.
0:46 of 2nd period - Wrist shot by Brandon Davidson.
0:46 of 2nd period - Deflect By Greg McKegg.
0:46 of 2nd period - Stopped by Viktor Fasth with a rebound.
0:48 of 2nd period - Slapshot by Brandon Davidson.
0:48 of 2nd period - Shot Misses the Net.
0:50 of 2nd period - Slapshot by Greg McKegg.
0:50 of 2nd period - Stopped by Viktor Fasth with a rebound.
0:52 of 2nd period - Snap shot by Greg McKegg.
0:52 of 2nd period - Shot Blocked by Matthew Corrente.
0:54 of 2nd period - Slapshot by Brandon Davidson.
0:54 of 2nd period - Shot Blocked by Bryan Rust.
1:26 of 2nd period - Jordan Szwarz is hit by Brandon Davidson and loses puck.
1:35 of 2nd period - Josh Manson is hit by Michal Rozsival and loses puck.
1:56 of 2nd period - Slapshot by Michal Rozsival.
1:56 of 2nd period - Shot Misses the Net.
2:22 of 2nd period - Backhand shot by Taylor Beck.
2:22 of 2nd period - Stopped by Sam Brittain with a rebound.
2:24 of 2nd period - Slapshot by Tomas Kundratek.
2:24 of 2nd period - Shot Misses the Net.
2:26 of 2nd period - Slapshot by Joel Chouinard.
2:26 of 2nd period - Shot Misses the Net.
2:28 of 2nd period - Snap shot by Daniel Briere.
2:28 of 2nd period - Shot Misses the Net.
2:30 of 2nd period - Wrist shot by Tomas Kundratek.
2:30 of 2nd period - Stopped by Sam Brittain without a rebound.
2:31 of 2nd period - Josh Jooris wins face-off versus Colton Sceviour in Moose zone.
2:35 of 2nd period - Off-side.
2:36 of 2nd period - Josh Jooris wins face-off versus Colton Sceviour in neutral zone.
3:19 of 2nd period - Slapshot by Liam O'Brien.
3:19 of 2nd period - Shot Misses the Net.
3:21 of 2nd period - Wrist shot by Tomas Kundratek.
3:21 of 2nd period - Shot Blocked by Klas Dahlbeck.
3:55 of 2nd period - Slapshot by Ladislav Smid.
3:55 of 2nd period - Shot Blocked by Joel Edmundson.
4:05 of 2nd period - Snap shot by Garret Ross.
4:05 of 2nd period - Stopped by Viktor Fasth with a rebound.
4:08 of 2nd period - Icing by Ladislav Smid.
4:09 of 2nd period - Greg McKegg wins face-off versus Jordan Szwarz in Rampage zone.
4:24 of 2nd period - Slapshot by Michal Rozsival.
4:24 of 2nd period - Shot Blocked by Daniil Tarasov.
5:20 of 2nd period - Brady Austin is hit by Liam O'Brien and loses puck.
6:33 of 2nd period - Backhand shot by Ben Chiarot.
6:33 of 2nd period - Deflect By Liam O'Brien.
6:33 of 2nd period - Stopped by Viktor Fasth with a rebound.
6:39 of 2nd period - Klas Dahlbeck is hit by Liam O'Brien and loses puck.
7:20 of 2nd period - Snap shot by Ladislav Smid.
7:20 of 2nd period - Stopped by Sam Brittain without a rebound.
7:21 of 2nd period - Josh Jooris wins face-off versus Jordan Szwarz in Moose zone.
7:30 of 2nd period - Wrist shot by Cedric Paquette.
7:30 of 2nd period - Goal by Cedric Paquette - Rampage : 0 - Moose : 1.
7:31 of 2nd period - Josh Jooris wins face-off versus Liam O'Brien in neutral zone.
7:38 of 2nd period - Josh Manson is hit by Liam O'Brien and loses puck.
8:21 of 2nd period - Tanner Richard is hit by Joel Armia and loses puck.
9:15 of 2nd period - Snap shot by Christian Thomas.
9:15 of 2nd period - Stopped by Sam Brittain with a rebound.
10:32 of 2nd period - Michal Rozsival is hit by Cedric Paquette and loses puck.
10:59 of 2nd period - Brandon Davidson is hit by Joe Faust and loses puck.
11:10 of 2nd period - Snap shot by Joel Armia.
11:10 of 2nd period - Shot Misses the Net.
11:12 of 2nd period - Slapshot by Klas Dahlbeck.
11:12 of 2nd period - Shot Misses the Net.
11:47 of 2nd period - Keaton Ellerby beats up Brady Austin.
11:47 of 2nd period - Penalty to Brady Austin for Fighting.
11:47 of 2nd period - Penalty to Keaton Ellerby for Fighting.
11:48 of 2nd period - Josh Jooris wins face-off versus Jordan Szwarz in Moose zone.
12:09 of 2nd period - Slapshot by Cedric Paquette.
12:09 of 2nd period - Shot Misses the Net.
12:11 of 2nd period - Slapshot by Josh Manson.
12:11 of 2nd period - Stopped by Viktor Fasth with a rebound.
12:31 of 2nd period - Benn Ferriero is hit by Joel Armia and loses puck.
13:19 of 2nd period - Minor Penalty to Joel Edmundson for Holding.
13:20 of 2nd period - Josh Jooris wins face-off versus Christian Thomas in Moose zone.
13:20 of 2nd period - Josh Jooris is hit by Michal Rozsival.
13:54 of 2nd period - Off-side.
13:55 of 2nd period - Josh Jooris wins face-off versus Liam O'Brien in neutral zone.
14:12 of 2nd period - Josh Manson is hit by Bryan Rust and loses puck.
15:19 of 2nd period - Penalty to Joel Edmundson is over, Joel Edmundson is back on ice.
15:53 of 2nd period - Snap shot by Daniel Briere.
15:53 of 2nd period - Shot Blocked by Joel Vermin.
15:55 of 2nd period - Snap shot by Tomas Kundratek.
15:55 of 2nd period - Shot Misses the Net.
15:57 of 2nd period - Snap shot by Taylor Beck.
15:57 of 2nd period - Deflect By Colton Sceviour.
15:57 of 2nd period - Goal by Colton Sceviour - Rampage : 1 - Moose : 1.
15:58 of 2nd period - Greg McKegg wins face-off versus Jordan Szwarz in neutral zone.
16:01 of 2nd period - Jordan Szwarz is hit by Garret Ross and loses puck.
16:14 of 2nd period - Klas Dahlbeck is hit by Jordan Szwarz and loses puck.
16:51 of 2nd period - Icing by Tomas Kundratek.
16:52 of 2nd period - Daniel Briere wins face-off versus Colin Smith in Rampage zone.
17:02 of 2nd period - Joel Armia is hit by Joel Chouinard.
17:34 of 2nd period - Joel Vermin is hit by Liam O'Brien and loses puck.
17:53 of 2nd period - Snap shot by Matthew Corrente.
17:53 of 2nd period - Stopped by Sam Brittain with a rebound.
17:55 of 2nd period - Snap shot by Benn Ferriero.
17:55 of 2nd period - Shot Blocked by Brandon Davidson.
17:57 of 2nd period - Snap shot by Keaton Ellerby.
17:57 of 2nd period - Deflect By Tanner Richard.
17:57 of 2nd period - Shot Blocked by Josh Manson.
17:57 of 2nd period - Puck is out of play.
17:58 of 2nd period - Greg McKegg wins face-off versus Jordan Szwarz in Moose zone.
18:13 of 2nd period - Snap shot by Garret Ross.
18:13 of 2nd period - Shot Misses the Net.
18:15 of 2nd period - Snap shot by Ben Chiarot.
18:15 of 2nd period - Shot Blocked by Matthew Corrente.
18:17 of 2nd period - Slapshot by Klas Dahlbeck.
18:17 of 2nd period - Shot Misses the Net.
18:19 of 2nd period - Snap shot by Ben Chiarot.
18:19 of 2nd period - Stopped by Viktor Fasth with a rebound.
18:21 of 2nd period - Snap shot by Klas Dahlbeck.
18:21 of 2nd period - Shot Misses the Net.
18:23 of 2nd period - Wrist shot by Garret Ross.
18:23 of 2nd period - Stopped by Viktor Fasth without a rebound.
18:24 of 2nd period - Ryan Malone wins face-off versus Daniel Briere in Rampage zone.
19:26 of 2nd period - Slapshot by Klas Dahlbeck.
19:26 of 2nd period - Shot Blocked by Ladislav Smid.
19:35 of 2nd period - Icing by Michal Rozsival.
19:36 of 2nd period - Greg McKegg wins face-off versus Liam O'Brien in Rampage zone.
Goals for this period are 1 for Rampage vs 1 for Moose.
Shots for this period are 6 for Rampage vs 12 for Moose.

3rd period


0:01 of 3rd period - Josh Jooris wins face-off versus Daniel Briere in neutral zone.
0:22 of 3rd period - Josh Jooris is hit by Christian Thomas and loses puck.
0:27 of 3rd period - Snap shot by Taylor Beck.
0:27 of 3rd period - Shot Misses the Net.
0:29 of 3rd period - Snap shot by Ladislav Smid.
0:29 of 3rd period - Shot Misses the Net.
1:46 of 3rd period - Benn Ferriero is hit by Joel Armia and loses puck.
2:23 of 3rd period - Scott Mayfield is hit by Matthew Corrente.
2:45 of 3rd period - Joel Chouinard is hit by Rob Flick and loses puck.
3:04 of 3rd period - Bryan Rust is hit by Daniil Tarasov and loses puck.
3:09 of 3rd period - Slapshot by Ben Chiarot.
3:09 of 3rd period - Shot Misses the Net.
3:55 of 3rd period - Michal Rozsival is hit by Klas Dahlbeck and loses puck.
4:04 of 3rd period - Michal Rozsival is hit by Klas Dahlbeck and loses puck.
4:29 of 3rd period - Snap shot by Liam O'Brien.
4:29 of 3rd period - Stopped by Sam Brittain without a rebound.
4:30 of 3rd period - Liam O'Brien wins face-off versus Greg McKegg in Moose zone.
4:54 of 3rd period - Brandon Davidson is hit by Keaton Ellerby and loses puck.
5:13 of 3rd period - Scott Mayfield is hit by Matthew Corrente and loses puck.
5:22 of 3rd period - Snap shot by Christian Thomas.
5:22 of 3rd period - Shot Blocked by Colin Smith.
6:35 of 3rd period - Off-side.
6:36 of 3rd period - Colin Smith wins face-off versus Jordan Szwarz in neutral zone.
8:43 of 3rd period - Greg McKegg is hit by Jordan Szwarz and loses puck.
8:52 of 3rd period - Christian Thomas is hit by Garret Ross and loses puck.
9:05 of 3rd period - Snap shot by Cedric Paquette.
9:05 of 3rd period - Shot Misses the Net.
9:07 of 3rd period - Snap shot by Ryan Malone.
9:07 of 3rd period - Stopped by Viktor Fasth with a rebound.
10:07 of 3rd period - Minor Penalty to Daniel Briere for Hooking.
10:08 of 3rd period - Josh Jooris wins face-off versus Tanner Richard in Rampage zone.
10:19 of 3rd period - Slapshot by Cedric Paquette.
10:19 of 3rd period - Stopped by Viktor Fasth with a rebound.
10:23 of 3rd period - Slapshot by Ryan Malone.
10:23 of 3rd period - Shot Blocked by Taylor Beck.
10:25 of 3rd period - Slapshot by Ben Chiarot.
10:25 of 3rd period - Deflect By Cedric Paquette.
10:25 of 3rd period - Stopped by Viktor Fasth without a rebound.
10:26 of 3rd period - Tanner Richard wins face-off versus Josh Jooris in Rampage zone.
11:27 of 3rd period - Bryan Rust is hit by Ben Chiarot and loses puck.
12:06 of 3rd period - Ryan Malone is hit by Liam O'Brien and loses puck.
12:07 of 3rd period - Penalty to Daniel Briere is over, Daniel Briere is back on ice.
12:26 of 3rd period - Scott Mayfield is hit by Ladislav Smid and loses puck.
13:01 of 3rd period - Keaton Ellerby is hit by Joel Vermin and loses puck.
13:08 of 3rd period - Jordan Szwarz is hit by Rob Flick and loses puck.
13:21 of 3rd period - Daniel Briere is hit by Daniil Tarasov and loses puck.
14:07 of 3rd period - Rob Flick is hit by Bryan Rust and loses puck.
14:18 of 3rd period - Slapshot by Ben Chiarot.
14:18 of 3rd period - Stopped by Viktor Fasth with a rebound.
14:20 of 3rd period - Slapshot by Joel Vermin.
14:20 of 3rd period - Deflect By Josh Jooris.
14:20 of 3rd period - Stopped by Viktor Fasth with a rebound.
15:07 of 3rd period - Joe Faust is hit by Klas Dahlbeck and loses puck.
15:27 of 3rd period - Slapshot by Connor Brickley.
15:27 of 3rd period - Stopped by Sam Brittain with a rebound.
15:58 of 3rd period - Brandon Davidson is hit by Keaton Ellerby.
17:52 of 3rd period - Josh Manson is hit by Jordan Szwarz and loses puck.
18:19 of 3rd period - Klas Dahlbeck is hit by Tanner Richard and loses puck.
18:42 of 3rd period - Snap shot by Christian Thomas.
18:42 of 3rd period - Shot Blocked by Joel Edmundson.
18:44 of 3rd period - Snap shot by Christian Thomas.
18:44 of 3rd period - Shot Misses the Net.
18:56 of 3rd period - Wrist shot by Colton Sceviour.
18:56 of 3rd period - Shot Misses the Net.
18:58 of 3rd period - Snap shot by Colton Sceviour.
18:58 of 3rd period - Shot Blocked by Garret Ross.
19:51 of 3rd period - Minor Penalty to Rob Flick for Tripping.
19:52 of 3rd period - Connor Brickley wins face-off versus Josh Jooris in Moose zone.
19:56 of 3rd period - Snap shot by Liam O'Brien.
19:56 of 3rd period - Stopped by Sam Brittain without a rebound.
19:57 of 3rd period - Josh Jooris wins face-off versus Liam O'Brien in Moose zone.
Goals for this period are 0 for Rampage vs 0 for Moose.
Shots for this period are 3 for Rampage vs 5 for Moose.

Overtime #1


0:01 of 1st overtime period - Daniel Briere wins face-off versus Josh Jooris in neutral zone.
0:21 of 1st overtime period - Snap shot by Christian Thomas.
0:21 of 1st overtime period - Stopped by Sam Brittain with a rebound.
0:23 of 1st overtime period - Snap shot by Christian Thomas.
0:23 of 1st overtime period - Stopped by Sam Brittain without a rebound.
0:24 of 1st overtime period - Josh Jooris wins face-off versus Daniel Briere in Moose zone.
0:33 of 1st overtime period - Snap shot by Ladislav Smid.
0:33 of 1st overtime period - Stopped by Sam Brittain with a rebound.
0:35 of 1st overtime period - Snap shot by Christian Thomas.
0:35 of 1st overtime period - Deflect By Daniel Briere.
0:35 of 1st overtime period - Stopped by Sam Brittain with a rebound.
0:37 of 1st overtime period - Snap shot by Christian Thomas.
0:37 of 1st overtime period - Shot Blocked by Klas Dahlbeck.
0:39 of 1st overtime period - Wrist shot by Michal Rozsival.
0:39 of 1st overtime period - Stopped by Sam Brittain with a rebound.
1:04 of 1st overtime period - Josh Manson is hit by Michal Rozsival and loses puck.
1:21 of 1st overtime period - Snap shot by Joel Chouinard.
1:21 of 1st overtime period - Deflect By Josh Manson.
1:21 of 1st overtime period - Stopped by Sam Brittain with a rebound.
1:46 of 1st overtime period - Slapshot by Michal Rozsival.
1:46 of 1st overtime period - Shot Blocked by Josh Manson.
1:51 of 1st overtime period - Penalty to Rob Flick is over, Rob Flick is back on ice.
2:04 of 1st overtime period - Wrist shot by Taylor Beck.
2:04 of 1st overtime period - Deflect By Klas Dahlbeck.
2:04 of 1st overtime period - Shot Blocked by Klas Dahlbeck.
2:04 of 1st overtime period - Puck is out of play.
2:05 of 1st overtime period - Josh Jooris wins face-off versus Daniel Briere in Moose zone.
2:36 of 1st overtime period - Wrist shot by Ryan Malone.
2:36 of 1st overtime period - Shot Blocked by Joel Chouinard.
2:38 of 1st overtime period - Slapshot by Scott Mayfield.
2:38 of 1st overtime period - Shot Blocked by Taylor Beck.
2:40 of 1st overtime period - Snap shot by Joel Vermin.
2:40 of 1st overtime period - Shot Blocked by Joel Chouinard.
2:42 of 1st overtime period - Wrist shot by Ryan Malone.
2:42 of 1st overtime period - Stopped by Viktor Fasth without a rebound.
2:43 of 1st overtime period - Joel Vermin wins face-off versus Taylor Beck in Rampage zone.
3:17 of 1st overtime period - Ryan Malone is hit by Michal Rozsival and loses puck.
3:40 of 1st overtime period - Snap shot by Ryan Malone.
3:40 of 1st overtime period - Shot Misses the Net.
3:58 of 1st overtime period - Wrist shot by Bryan Rust.
3:58 of 1st overtime period - Stopped by Sam Brittain without a rebound.
3:59 of 1st overtime period - Bryan Rust wins face-off versus Cedric Paquette in Moose zone.
4:47 of 1st overtime period - Slapshot by Michal Rozsival.
4:47 of 1st overtime period - Stopped by Sam Brittain with a rebound.
4:49 of 1st overtime period - Slapshot by Ladislav Smid.
4:49 of 1st overtime period - Shot Blocked by Brady Austin.
Goals for this period are 0 for Rampage vs 0 for Moose.
Shots for this period are 8 for Rampage vs 1 for Moose.

ShootOut


5:00 of 1st overtime period - Penalty Shot by Daniel Briere for Rampage.
5:00 of 1st overtime period - Deke by Daniel Briere.
5:00 of 1st overtime period - Stopped by Sam Brittain.
5:00 of 1st overtime period - Penalty Shot by Joel Vermin for Moose.
5:00 of 1st overtime period - Wrist shot by Joel Vermin.
5:00 of 1st overtime period - Goal by Joel Vermin.
5:00 of 1st overtime period - Penalty Shot by Taylor Beck for Rampage.
5:00 of 1st overtime period - Wrist shot by Taylor Beck.
5:00 of 1st overtime period - Stopped by Sam Brittain.
5:00 of 1st overtime period - Penalty Shot by Cedric Paquette for Moose.
5:00 of 1st overtime period - Backhand shot by Cedric Paquette.
5:00 of 1st overtime period - Stopped by Viktor Fasth.
5:00 of 1st overtime period - Penalty Shot by Christian Thomas for Rampage.
5:00 of 1st overtime period - Deke by Christian Thomas.
5:00 of 1st overtime period - Stopped by Sam Brittain.